AoeStats
← 小桦

African Clearing

510285382Analyzed
3v3 RM · 2d ago on Sep 30, 2026· 41m 47s· 6 players
Game mode
Random Map
Map size
Normal (6 player)
Population
200
Speed
Normal
Resources
Standard
Victory
Conquest
Starting age
Dark Age
Ending age
Imperial Age
RankedLock teamsTeams togetherTeam positionsShared explorationLock speedFull tech treeHidden civsTurbo modeCheats
Victory
Defeat
🇨🇳 Varangians · China
1417
+13
🇨🇳 Mongols · China
1328
+17
1293
+18
🇨🇴 Saracens · Colombia
1396
-18
🇩🇪 Celts · Germany
1373
-17
🇬🇧 Khmer · United Kingdom
1274
-18
魔鬼我在索马里
10:11 Loom
12:59 Feudal Age
13:37 Arson
13:40 Double-Bit Axe
15:02 Forging
21:37 Castle Age
23:38 Bow Saw
25:08 Wheelbarrow
小桦
11:56 Feudal Age
12:01 Loom
15:26 Bloodlines
15:46 Scale Barding Armor
15:52 Forging
16:24 Town Watch
19:28 Fishing Lines
23:26 Scale Barding Armor
26:09 Castle Age
25:29 Double-Bit Axe
26:30 Wheelbarrow
26:14 Light Cavalry
26:54 Husbandry
27:16 Chain Barding Armor
27:32 Iron Casting
28:08 Bow Saw
27:59 Gillnets
28:00 Horse Collar
28:56 Hand Cart
33:28 Stone Mining
33:29 Gold Mining
37:47 Imperial Age
38:09 Cavalier
39:33 Plate Barding Armor
40:39 Two-Man Saw
39:40 Heavy Plow
42:18 Conscription
菜鸟来练手
11:33 Feudal Age
10:32 Loom
12:30 Town Watch
12:34 Double-Bit Axe
14:09 Forging
14:33 Scale Barding Armor
17:14 Bloodlines
19:02 Fletching
24:34 Castle Age
22:28 Stone Mining
23:26 Padded Archer Armor
24:50 Crossbowman
25:52 Bow Saw
27:09 Husbandry
31:56 Bodkin Arrow
34:56 Leather Archer Armor
35:05 Gold Mining
40:02 Wheelbarrow
40:34 Ballistics
41:34 Horse Collar
Ronnie Eggs
12:29 Feudal Age
10:47 Loom
14:28 Bloodlines
17:41 Forging
20:48 Scale Barding Armor
27:01 Castle Age
38:30 Sanctity
ofespinelman
8:58 Loom
13:59 Feudal Age
23:12 Fletching
23:58 Padded Archer Armor
28:11 Castle Age
42:05 Wheelbarrow
41:15 Crossbowman
Thronx
4:21 Loom
14:42 Feudal Age
18:50 Castle Age
16:34 Man-at-Arms
19:04 Double-Bit Axe
20:41 Bow Saw
34:25 Ballistics
35:08 Pikeman
36:11 Scale Mail Armor
37:48 Wheelbarrow
37:00 Town Watch
44:30 Imperial Age
Connection lost

Rejoining the realm…

Still unreachable

The connection could not be restored.

Session expired

The server has moved on; the page needs a fresh start.